 BcadrenCrawl: Boulder Brew version 0.06-728-gea43db8f7f (webtiles) character file.

Game seed: 10209604485091372707

122173 xeno23 the Unseen (level 16, -1/113 HPs) Spriggan Enchanter. Began on Feb 12, 2023. Was the Champion of Dithmenos. Shot with a bolt by a yaktaur (36 damage) ... on level 8 of the Dungeon on Feb 13, 2023. The game lasted 05:12:50 (28761 turns).

xeno23 the Unseen (Spriggan Enchanter)             Turns: 28761, Time: 05:12:50

Health: -1/113     AC: 16    Str: 16    XL:     16 ^: 41096
Magic:  2/32       EV: 29    Int: 15    God:    Dithmenos [6* [172]]
Gold:   2786       SH:  3    Dex: 19    Spells: 15/37 levels left

rFire    . . .     Slash    x   j - +5 cleaver (molten)
rCold    + . .     Pierce   .   K - +4 sai
rNeg     . . .     Bludgeon .   x - +3 troll leather {Snorg}
rCorr    + + .     Vision   +   P - +0 hat
rPois    .         Gourm    .   I - +0 cloak of Integrity {rC+ Str+4}
rElec    .         Faith    .   (gloves unavailable)
MR       ++++.     Spirit   .   (boots unavailable)
HPRegen  2.27/turn Reflect  .   n - necklace of Bloodlust {*Rage +Rage MR++ Int-3 Slay+6 Soulbond}
MPRegen  0.42/turn Harm     .   q - ring of protection Stlth ++++++++++Clarity +
                                u - ring of stealth

@: regenerating, wreathed by umbra, studying Evocations, very quick
A: very small, unfitting armour, yellow scales, see invisible, clarity,
herbivore, speed 3, regeneration 1, slow metabolism 2, STR +5, acid resistance,
soft flesh
a: Shadow Step, Shadow Form, Renounce Religion, Evoke Berserk Rage


You were on level 8 of the Dungeon.
You worshipped Dithmenos.
Dithmenos was exalted by your worship.
You were very hungry.

You visited 4 branches of the dungeon, and saw 17 of its levels.
You also visited: Ice Cave and Volcano.

You collected 3921 gold pieces.
You spent 1135 gold pieces at shops.

Inventory:

Weapons
 h - a +5 scimitar of molten steel
 j - a +5 cleaver of molten steel (weapon)
 B - a +0 dagger of molten steel Shields
 K - a +4 sai (weapon)
Armour
 e - +0 salamander hide
 x - a +3 troll leather (worn) {Snorg}
 I - the +0 cloak of Integrity (worn) {rC+ Str+4}
   (You bought it in a shop on level 2 of the Orcish Mines)

   It affects your strength (+4).
   It protects you from cold.
 P - a +0 hat (worn)
Jewellery
 c - an uncursed amulet of faith
 i - the cursed amulet "Folaqo" {Chaos rC+ rN+ Dex-2, (Curse: rF-)}
   (You took it off a yaktaur on level 8 of the Dungeon)

   [amulet of chaos]

   It infuses your magic with chaos; buffing its maximum damage and randomizing
   its effects.
   Additionally it randomly provides additional protection from elemental
   components of attacks.
   It affects your dexterity (-2).
   It protects you from cold.
   It protects you from negative energy.
   It has a curse placed upon it.
   { (Curse: rF-)}
 n - the necklace of Bloodlust (around neck) {*Rage +Rage MR++ Int-3 Slay+6 Soulbond}
   (You took it off an orc knight on level 6 of the Dungeon)

   [amulet of rage]

   It affects your intelligence (-3).
   It affects your accuracy and damage with ranged weapons and melee attacks
   (+6).
   It affects your resistance to hostile enchantments.
   It lets you go berserk.
   It may make you go berserk in combat.
   When equipped, it binds to the wielder's soul until they gain enough
   experience to unwield again.
 q - a ring of protection (left hand)
 r - the ring of Pynnaong {Ice MR+ Str+3 Int-5 +Vis Stlth+}
   (You took it off a wizard on level 8 of the Dungeon)

   [ring of ice]

   It enhances your ice magic.
   It affects your strength (+3).
   It affects your intelligence (-5).
   It makes you vulnerable to fire.
   It protects you from cold.
   It affects your resistance to hostile enchantments.
   It improves your vision.
   It makes you more stealthy.
 s - the amulet of Idan {Acrobat rPois Int+4 Dex+4 +Vis}
   (You acquired it on level 1 of the Orcish Mines)

   [amulet of the acrobat]

   It helps you evade while moving and waiting.
   It affects your intelligence (+4).
   It affects your dexterity (+4).
   It protects you from poison.
   It improves your vision.
 t - an uncursed ring of fire
 u - a ring of stealth (right hand)
 O - an uncursed ring of poison resistance
 U - an uncursed ring of positive energy
 V - an uncursed ring of protection from magic
Wands
 E - a wand of ensnaring (2)
 H - a wand of enslavement (5)
 J - a wand of acid (24)
 L - a wand of polymorph (41)
 T - a wand of iceblast (4)
 W - a wand of hasting (5)
 X - a wand of disintegration (3)
Scrolls
 a - 7 scrolls of magic mapping
 b - a scroll of blinking
 l - 8 scrolls of teleportation
 p - 10 scrolls of enchantment
 v - 3 scrolls of vulnerability
 w - 6 scrolls of immolation
 z - 5 scrolls of summoning
 A - 4 scrolls of bless item
 N - 4 scrolls of holy word
 Q - 3 scrolls of fog
 R - 4 scrolls of fear
 Y - 4 scrolls of torment
Potions
 f - 3 potions of mutation
 g - 7 potions of curing
 k - 7 potions of haste
 m - 10 potions of might
 o - 7 potions of resistance
 C - 4 potions of brilliance
 D - 3 potions of magic
 F - 3 potions of agility
 G - 2 potions of ambrosia
 M - a potion of cancellation
 S - 6 potions of heal wounds
 Z - 3 potions of amnesia
Miscellaneous
 y - a lightning rod (4/4)
Comestibles
 d - 15 rations


   Skills:
 + Level 8.0 Fighting
 * Level 14.1 Short Blades
 * Level 3.0 Armour
 - Level 12.7 Dodging
 + Level 16.3 Stealth
 + Level 11.4 Spellcasting
 * Level 15.4 Hexes
 - Level 8.5 Charms
 - Level 4.1 Necromancy
 - Level 3.0 Air Magic
 - Level 3.2 Poison Magic
 + Level 9.9 Invocations
 + Level 1.5 Evocations


You had 15 spell levels left.
You knew the following spells:

 Your Spells              Type           Power        Failure   Level  Hunger
a - Confuse Hex 53 (100) 1% 3 0-8 b - Magic Candle Hex/Fire       31 (90)      1%          1    0
c - Tukima's Dance Hex 53 (100) 1% 3 0-8 d - Fulminant Prism Hex 53 (200) 1% 4 28-128 e - Regeneration Chrm/Necr 27 (200) 1% 3 0-8 f - Mephitic Cloud Pois/Air 17 (100) 8% 3 0-8 g - Ensorcelled Hibernat Hex/Ice        31 (50)      1%          2    0
q - Spectral Weapon       Chrm/Summ      21 (100)     4%          3    0-8

Your spell library contained the following spells:

 Spells                   Type           Power        Failure   Level  Hunger
 Infusion                 Chrm           25 (25)      1%          1    0
 Song of Slaying          Chrm           34 (100)     1%          2    0
 Blinding Spray Hex/Pois 36 (50) 1% 3 0-8 Inner Flame Hex/Fire 31 (100) 1% 3 0-8 Still Winds Hex/Air 36 (200) 1% 4 28-128 Poisonous Vapours Pois/Air       17 (50)      2%          1    0
 Shroud of Golubria       Chrm/Tloc      21 (200)     2%          2    0
 Ozocubu's Armour Chrm/Ice 21 (100) 4% 3 0-8 Foxfire Fire           8 (25)       9%          1    0
 Freeze                   Ice            8 (25)       9%          1    0
 Searing Ray              Fire           8 (50)       14%         2    0
 Throw Frost              Ice            8 (50)       14%         2    0
 Conjure Flame Fire 8 (100) 26% 3 0-8 Ignite Poison Fire/Tmut 8 (100) 26% 3 0-8 Sticky Flame Fire/Pois 13 (100) 43% 4 28-128 Hailstorm Ice 8 (100) 65% 4 28-128 Ice Form Ice/Tmut 8 (100) 65% 4 28-128 Summon Ice Beast Ice/Summ 8 (100) 65% 4 28-128 Throw Icicle Ice 8 (100) 65% 4 28-128 Fireball Fire 8 (200) 94% 5 148-308 Ring of Flames Chrm/Fire 21 (200) 94% 6 268-488 Simulacrum Ice/Necr 14 (200) 99% 6 268-488 Bolt of Cold Ice 8 (200) 100% 6 268-488 Bolt of Fire Fire 8 (200) 100% 6 268-488 Freezing Cloud Ice/Air 13 (200) 100% 6 268-488 Ozocubu's Refrigeration Ice 8 (200) 100% 6 268-488 Starburst Fire 8 (200) 100% 6 268-488 Icicle Cascade Ice 8 (200) 100% 8 508-848 Unstable Fiery Dash Fire/Tloc      8 (200)      100%        8    508-848


Dungeon Overview and Level Annotations

Branches:
Dungeon (8/8)              Temple (1/1) D:4            Lair (6/6) D:5
  Swamp (0/4) Lair:2       Spider (0/4) Lair:2        Slime (0/5) Lair:5
    Orc (2/2) D:6             Elf (0/3) Orc:2        Vaults (0/5) D:7
  IceCv (visited)         Volcano (visited)
 Depths: D:8

Altars:
Ashenzari
Cheibriados
Dithmenos
Elyvilon
Fedhas Madash
Gozag Ym Sagoz
Hepliaklqana
Kikubaaqudgha
Makhleb
Nemelex Xobeh
Okawaru
Qazlal
Ru
Sif Muna
Trog
Uskayaw
Vehumet
Wu Jian
Xom
Yredelemnul
Zin
The Shining One
Beogh

Shops:
D:2 %   D:3 *   D:5 :   Orc:2 *=?:*

Annotations:
D:8 1 runed translucent door


Innate Abilities, Weirdness & Mutations

You are very small and have problems with some larger weapons.
You are too small for most types of armour.
You have supernaturally acute eyesight. (+Vis)
You are a herbivore.
You cover ground extremely quickly.
You need to consume almost no food.
Your soft flesh is weak to deep cuts.
Heavy manmade armour will nullify this weakness. (rSlashing-)
You are covered in yellow scales. (rCorr, AC +3)
You possess an exceptional clarity of mind.
You heal very quickly.
You are extremely strong. (STR +5)
You are resistant to acid. (rCorr)


Message History

The yaktaur resists with significant effort.
Casting: Confuse (safe; 1% risk of failure)
Confirm with . or Enter, or press ? or * to list all spells.
Aiming: Confuse (safe; 1% risk of failure)
Press: ? - help, Shift-Dir - straight line, f/p - yaktaur
Aim: a yaktaur, wielding a cursed +4 arbalest of molten steel {(Curse: Fragile)}, wearing an uncursed ring of strength and carrying a +0 short sword (97%, 98% to-hit, lightly wounded (42/47), 66% (Melee), umbra, chance to defeat MR: 57%)
The yaktaur resists with significant effort.
The yaktaur shoots a bolt.
The bolt closely misses you.
Casting: Confuse (safe; 1% risk of failure)
Confirm with . or Enter, or press ? or * to list all spells.
Aiming: Confuse (safe; 1% risk of failure)
Press: ? - help, Shift-Dir - straight line, f/p - yaktaur
Aim: a yaktaur, wielding a cursed +4 arbalest of molten steel {(Curse: Fragile)}, wearing an uncursed ring of strength and carrying a +0 short sword (97%, 98% to-hit, lightly wounded (42/47), 66% (Melee), umbra, chance to defeat MR: 57%)
The yaktaur resists with significant effort.
Casting: Confuse (safe; 1% risk of failure)
Confirm with . or Enter, or press ? or * to list all spells.
You don't have enough magic to cast that spell.
The yaktaur shoots a bolt.
The bolt bores through you (36)!!! The bolt burns you (36)!!!
You die...

#. ## . #.# ##....
#..# #...... #...#
###..#....
...c#####..#....?.
#..##.c#...c....
#..)..}.......
##.##§c§§......
######@##.§§§......
##...#.###%.........
#....#.# #.c...∩....
##†....)#
#..c.......
#......##
#.......... #..)...#
#.......... #......#
#........ #.....##
##....#


You could see a yaktaur.

Vanquished Creatures
  Jorgrun (D:6)
  Circe (Lair:5)
  A frost giant (IceCv)
  Snorg (D:6)
  An eidolon (Lair:4)
  Maalik (D:6)
  2 fire dragons (D:8)
  Nessos (Lair:4)
  A rakshasa (D:7)
  A great orb of eyes (D:8)
  2 mummy priests (Lair:4)
  5 catoblepae
  A deep troll shaman (Lair:6)
  3 ogre magi
  A very ugly thing (D:8)
  6 boulder beetles
  2 ettins
  6 swooping magpies
  4 orc high priests
  A deep elf knight (D:8)
  An unseen horror (shapeshifter) (D:7)
  3 unseen horrors
  A phantasmal warrior (D:7)
  11 two-headed ogres
  5 hydras
  2 lindwurms (Lair:6)
  8 orc knights
  6 centaur warriors
  2 oklob plants (Lair:5)
  A wizard (D:8)
  A guardian serpent (shapeshifter) (D:7)
  A shining eye (shapeshifter) (D:7)
  5 orc sorcerers
  4 death yaks (Lair:6)
  A manticore (D:6)
  A deep elf mage (D:6)
  3 salamanders (Volcano)
  2 black mambas (Lair:5)
  15 ugly things
  3 ice statues (IceCv)
  7 elephants
  A kobold demonologist (D:6)
  9 giraffes
  2 meliai (shapeshifter)
  11 trolls
  A freezing wraith (D:8)
  A troll (shapeshifter) (D:8)
  2 efreet (D:7)
  A wolf spider (D:8)
  2 rime drakes (Lair:4)
  6 yaktaurs (D:8)
  2 tengu conjurers (D:8)
  14 polar bears
  8 komodo dragons
  2 hornets (D:5)
  A wraith (Lair:4)
  Grinder (D:3)
  11 spiny frogs
  2 hydra zombies (Lair:4)
  39 yaks
  A death yak zombie (Lair:4)
  3 steam dragons
  6 hippogriffs
  6 cyclopes
  Grum (Lair:1)
  An acid dragon (D:5)
  2 shadows (D:7)
  13 wyverns
  5 fire elementals (D:6)
  3 war dogs (Lair:1)
  Eustachio (D:3)
  8 fire bats (Volcano)
  A basilisk (D:7)
  2 hydra skeletons (Lair:4)
  2 hungry ghosts
  15 slime creatures
  2 wolf spider zombies (D:7)
  10 vampire mosquitoes
  7 guardian mummies
  A warg (Orc:1)
  18 bone scorpions
  3 phantoms
  A soldier ant (shapeshifter) (D:7)
  A hell hound (D:6)
  A necrophage (D:4)
  2 soldier ants
  13 water moccasins
  14 scorpions
  27 orc warriors
  A torpor snail zombie (Lair:4)
  13 porcupines
  2 black bears
  An eye of draining (D:6)
  5 ice beasts
  5 sky beasts
  A dream sheep zombie (Lair:4)
  19 ogres
  29 wolves
  A wolf spider simulacrum (D:8)
  2 dream sheep skeletons (Lair:4)
  23 crocodiles
  A fire crab zombie (Lair:4)
  2 komodo dragon zombies (Lair:4)
  Blork the orc (D:2)
  6 big kobolds
  2 spiny frog zombies (Lair:4)
  A redback simulacrum (D:7)
  A polar bear zombie (Lair:4)
  4 swooping magpie skeletons (Lair:4)
  3 komodo dragon skeletons (Lair:4)
  3 black mamba zombies (Lair:4)
  5 centaurs
  A howler monkey (D:5)
  3 black mamba skeletons (Lair:4)
  24 blink frogs
  2 harpy skeletons (D:7)
  4 spiny frog skeletons (Lair:4)
  A polar bear skeleton (Lair:4)
  A hornet zombie (D:5)
  2 quasiau (D:5)
  7 wights
  10 electric eels (D:7)
  A llaibwca (D:4)
  18 orc priests
  2 hounds
  6 jellies
  Prince Ribbit (D:5)
  A mummy (Lair:4)
  6 iguanas
  A water moccasin zombie (D:4)
  5 worker ants
  25 orc wizards
  A water moccasin skeleton (D:5)
  2 wyvern zombies
  2 wyvern skeletons
  7 giant cockroaches
  3 boggart skeletons
  A blink frog zombie (Lair:4)
  Robin (D:2)
  A gnoll (D:3)
  A blink frog skeleton (Lair:4)
  A porcupine skeleton (D:5)
  9 adders
  16 sewer rats
  7 cinder newts
  A worm (D:2)
  22 bullfrogs
  2 hound skeletons
  A worker ant zombie (D:5)
  A howler monkey skeleton (D:5)
  2 oozes (D:2)
  3 dart slugs (D:1)
  5 leopard geckos
  71 orcs
  3 adder skeletons
  4 adder zombies (D:5)
  3 ball pythons
  8 goblins
  9 hobgoblins
  A jackal (D:5)
  5 quokkas
  7 bats
  A goblin skeleton (D:2)
  25 kobolds
  A kobold skeleton (D:2)
  A leopard gecko skeleton (D:5)
  A quokka skeleton (D:3)
  7 rats (D:1)
  2 butterflies
  2 fungi
  9 plants
  4 withered plants (D:2)
916 creatures vanquished.

Vanquished Creatures (collateral kills)
  A boulder beetle (Lair:6)
  A bone scorpion (Lair:4)
  4 orc warriors
  A meliai zombie (D:4)
  A wight (D:4)
  A gnoll shaman (D:3)
  2 gnolls (D:3)
  6 orcs
  A plant (Lair:6)
  2 withered plants (D:2)
20 creatures vanquished.

Vanquished Creatures (others)
  Louise (D:7)
  A fire dragon (Volcano)
  A komodo dragon (Lair:5)
  A human (Lair:5)
  A war dog (Lair:1)
  4 blink frogs (Lair:5)
  2 slimehead skeletons (D:7)
  A hound (D:4)
  A wyvern zombie (D:4)
  A boggart skeleton (D:7)
  2 puffer fish skeletons (D:7)
  5 bushes (D:6)
  A butterfly (D:6)
  2 dancing weapons
  54 fulminant prisms
  10 fungi
  5 giant blowflies
  47 plants
  A slimehead (D:2)
  3 spectral weapons
  109 withered plants (D:2)
253 creatures vanquished.

Grand Total: 1189 creatures vanquished

Notes
Turn   | Place    | Note
-------+----------+-------------------------------------------
     0 | D:1      | xeno23 the Spriggan Enchanter began the quest for the Orb.
     0 | D:1      | Reached XP level 1. HP: 18/18 MP: 5/5
    87 | D:1      | Learned a level 3 spell: Confuse
    97 | D:1      | Reached XP level 2. HP: 18/25 MP: 2/6
   431 | D:1      | Reached XP level 3. HP: 16/31 MP: 8/8
   706 | D:1      | Reached skill level 5 in Stealth
   748 | D:1      | Reached XP level 4. HP: 10/37 MP: 5/9
  1441 | D:2      | Noticed a crocodile
  1441 | D:2      | Noticed Robin
  1458 | D:1      | Reached skill level 1 in Fighting
  1503 | D:2      | Learned a level 3 spell: Tukima's Dance
  1852 | D:2      | Noticed a big kobold
  1864 | D:2      | Killed a big kobold
  1864 | D:2      | Reached XP level 5. HP: 37/44 MP: 5/11
  2161 | D:2      | Reached skill level 5 in Hexes
  2221 | D:2      | Reached XP level 6. HP: 32/50 MP: 9/12
  2317 | D:2      | Noticed Blork the orc
  2329 | D:2      | Killed Blork the orc
  2623 | D:2      | Gained mutation: You possess an exceptional clarity of
                  | mind. [potion of mutation]
  2623 | D:2      | Gained mutation: You are resistant to acid. (rCorr) [potion
                  | of mutation]
  2623 | D:2      | Gained mutation: You are covered in yellow scales. (rCorr,
                  | AC +3) [potion of mutation]
  3043 | D:1      | Reached skill level 6 in Stealth
  3152 | D:2      | Reached XP level 7. HP: 52/56 MP: 0/13
  3458 | D:2      | Reached skill level 5 in Dodging
  3489 | D:2      | Learned a level 4 spell: Fulminant Prism
  4309 | D:2      | Found Tibasiq's Food Shoppe.
  4593 | D:3      | Found Kosuvem's General Store.
  4711 | D:3      | Noticed Grinder
  4722 | D:3      | Noticed Eustachio
  4895 | D:4      | Reached skill level 5 in Short Blades
  4953 | D:4      | Reached XP level 8. HP: 58/63 MP: 6/15
  5070 | D:4      | Reached skill level 7 in Stealth
  5383 | D:4      | Reached skill level 5 in Spellcasting
  6418 | D:4      | Reached XP level 9. HP: 69/69 MP: 13/18
  6507 | D:4      | Reached skill level 8 in Stealth
  6508 | D:4      | Upgraded the game from 0.06-720-g033fe3496d to
                  | 0.06-728-gea43db8f7f
  6602 | D:4      | Found a staircase to the Ecumenical Temple.
  6618 | D:7      | Connectivity tunneler affected serial_bayou_lagoon_b.
  6618 | Temple   | Entered the Ecumenical Temple
  6758 | Temple   | Became a worshipper of Dithmenos the Shadowed
  6968 | D:4      | Found a radiant altar of Vehumet.
  7473 | D:3      | Found an ornate altar of the Wu Jian Council.
  7490 | D:3      | Killed Grinder
  7873 | D:3      | Killed Eustachio
  7963 | D:3      | Reached * piety under Dithmenos
  8096 | D:2      | Killed Robin
  8357 | D:2      | Bought a ration for 65 gold pieces
  8357 | D:2      | Bought a ration for 65 gold pieces
  8357 | D:2      | Bought a ration for 65 gold pieces
  8458 | D:5      | Entered Level 5 of the Dungeon
  8534 | D:5      | Reached skill level 9 in Stealth
  8696 | D:5      | Found Cyarusu's Book Shop.
  8705 | D:5      | Reached XP level 10. HP: 75/75 MP: 13/20
  8923 | D:5      | Reached ** piety under Dithmenos
  8938 | D:5      | Learned a level 3 spell: Regeneration
  9123 | D:5      | Found a staircase to the Lair.
  9128 | D:5      | Reached skill level 10 in Hexes
  9643 | D:6      | Noticed a deep elf mage
  9673 | D:6      | Found a blossoming altar of Fedhas.
  9675 | D:6      | Reached skill level 10 in Stealth
  9681 | D:6      | Found a stormy altar of Qazlal.
  9727 | D:6      | Noticed a saelneytandi
  9978 | D:5      | Reached *** piety under Dithmenos
 10148 | D:5      | Found a runed door.
 10166 | D:5      | Noticed a two-headed ogre
 10167 | D:5      | Noticed Prince Ribbit
 10206 | D:5      | Reached XP level 11. HP: 81/81 MP: 1/23
 10236 | D:5      | Killed a two-headed ogre
 10260 | D:5      | Killed Prince Ribbit
 10522 | D:5      | Learned a level 3 spell: Mephitic Cloud
 10551 | D:5      | Reached skill level 5 in Fighting
 10827 | D:5      | Found a runed door.
 10870 | D:5      | Reached skill level 1 in Charms
 11311 | D:6      | Reached skill level 10 in Short Blades
 11311 | D:6      | Reached skill level 1 in Poison Magic
 11356 | D:6      | Identified a scroll of acquirement
 11386 | D:6      | Noticed Maalik
 11563 | Lair:1   | Entered Level 1 of the Lair of Beasts
 11746 | Lair:1   | Reached **** piety under Dithmenos
 11875 | Lair:1   | Noticed a boulder beetle
 11883 | Lair:1   | Killed a boulder beetle
 11883 | Lair:1   | Reached skill level 1 in Air Magic
 11886 | Lair:1   | Noticed a five-headed hydra
 11891 | Lair:1   | Killed a five-headed hydra
 12098 | Lair:1   | Found a shattered altar of Ashenzari.
 12147 | Lair:1   | Reached skill level 11 in Stealth
 12316 | Lair:1   | Noticed Grum
 12323 | Lair:1   | Killed Grum
 12738 | Lair:2   | Found a hole to the Spider Nest.
 12744 | Lair:2   | Reached skill level 10 in Dodging
 12851 | Lair:2   | Reached skill level 5 in Charms
 12851 | Lair:2   | Reached XP level 12. HP: 88/88 MP: 25/25
 13114 | Lair:2   | Found a staircase to the Swamp.
 15034 | Lair:4   | Noticed an eidolon
 15052 | Lair:4   | Noticed a mummy priest
 15170 | Lair:5   | Noticed a catoblepas
 15211 | Lair:5   | Reached skill level 12 in Stealth
 15340 | Lair:5   | Learned a level 3 spell: Spectral Weapon
 15586 | Lair:5   | Identified the cursed +4 war axe "Dythunoc" {chop, rN+
                  | Int-2 +Vis, (Curse: *Drain)}
 15676 | Lair:5   | Reached XP level 13. HP: 93/94 MP: 14/27
 15851 | Lair:5   | Reached ***** piety under Dithmenos
 16025 | Lair:5   | Found a staircase to the Slime Pits.
 16034 | Lair:5   | Reached skill level 13 in Stealth
 16196 | Lair:5   | Noticed Circe
 16210 | Lair:5   | Killed Circe
 16543 | Lair:6   | Entered Level 6 of the Lair of Beasts
 16761 | Lair:6   | Reached skill level 10 in Spellcasting
 16878 | Lair:6   | Reached skill level 14 in Stealth
 16971 | Lair:6   | Found a dark tunnel.
 16997 | Volcano  | Entered a volcano
 17390 | Volcano  | Reached XP level 14. HP: 39/100 MP: 15/29
 17546 | Volcano  | Learned a level 2 spell: Ensorcelled Hibernation
 18217 | Lair:6   | Reached skill level 1 in Invocations
 18275 | Lair:6   | Identified the +8 flail "Piwu" {molten, rElec rF- rN+
                  | Str+2}
 19037 | Lair:4   | Reached skill level 15 in Stealth
 19125 | Lair:4   | HP: 5/100 [guardian mummy/cursed +3 dire flail {(Curse:
                  | MR-)} (83)]
 19810 | Lair:4   | Reached ****** piety under Dithmenos
 19823 | Lair:4   | Noticed Nessos
 19873 | Lair:4   | Killed Nessos
 20373 | Lair:4   | Identified the +5 ring mail "Idghothru" {rC+}
 21004 | D:6      | Found a staircase to the Orcish Mines.
 21149 | D:6      | Noticed Jorgrun
 21227 | D:7      | Found a frozen archway.
 21227 | D:7      | Found the +13 scythe of Curses {drain, Soulbond}
 21228 | D:7      | Found a flagged portal.
 21244 | IceCv    | Entered an ice cave
 21419 | IceCv    | Gained mutation: You heal very quickly. [potion of
                  | mutation]
 21793 | IceCv    | Noticed a frost giant
 21805 | IceCv    | Killed a frost giant
 21809 | IceCv    | Identified the +2 great sword of Reinforcement {freeze, rC+
                  | Dex+4 +Vis}
 22139 | D:7      | Noticed Louise
 22217 | D:7      | Reached skill level 5 in Invocations
 22327 | D:6      | Reached XP level 15. HP: 97/107 MP: 27/30
 22353 | D:6      | Killed Jorgrun
 22429 | D:6      | Killed Maalik
 22622 | D:6      | Found a roughly hewn altar of Beogh.
 22679 | D:6      | Found a basalt altar of Yredelemnul.
 22682 | D:6      | Found a hide-covered altar of Uskayaw.
 22688 | D:6      | Found a snail-covered altar of Cheibriados.
 22690 | D:6      | Found an opulent altar of Gozag.
 22725 | D:6      | Found a shadowy altar of Dithmenos.
 23675 | Orc:1    | Entered Level 1 of the Orcish Mines
 23719 | Orc:1    | Noticed Snorg
 23846 | D:6      | Killed Snorg
 24213 | Orc:1    | Reached skill level 1 in Necromancy
 24567 | Orc:2    | Entered Level 2 of the Orcish Mines
 24696 | Orc:2    | Found Vutyegaj's Assorted Antiques.
 24895 | Orc:2    | Bought a runed pearl amulet for 140 gold pieces
 24926 | Orc:2    | Found a shimmering altar of Xom.
 24970 | Orc:2    | Found a bloodstained altar of Trog.
 25276 | Orc:2    | Found a staircase to the Elven Halls.
 25541 | Orc:2    | Found Iwosos's Jewellery Shop.
 25541 | Orc:2    | Found Emega's Assorted Antiques.
 25607 | Orc:2    | Found Astred's Book Shoppe.
 25607 | Orc:2    | Found Jaevil's Magic Scroll Shop.
 25616 | Orc:2    | Bought a scroll of enchantment for 90 gold pieces
 25619 | Orc:2    | Bought a bloodstained cloak for 275 gold pieces
 25619 | Orc:2    | Identified the +0 cloak of Integrity {rC+ Str+4} (You
                  | bought it in a shop on level 2 of the Orcish Mines)
 25619 | Orc:2    | Bought 2 scrolls of enchantment for 435 gold pieces
 26061 | Orc:1    | Found a roughly hewn altar of Beogh.
 26125 | Orc:1    | Acquired 1440 gold pieces
 26127 | Orc:1    | Acquired a manual of Evocations
 26131 | Orc:1    | Acquired the amulet of Idan {Acrobat rPois Int+4 Dex+4
                  | +Vis}
 26584 | D:7      | Killed Louise
 26584 | D:7      | Reached skill level 1 in Armour
 26649 | D:7      | Reached skill level 15 in Hexes
 26900 | D:7      | Reached skill level 16 in Stealth
 26968 | D:7      | Found an ancient bone altar of Kikubaaqudgha.
 27128 | D:7      | Reached XP level 16. HP: 113/113 MP: 32/32
 27137 | D:7      | Found a gate to the Vaults.
 27319 | D:8      | Entered Level 8 of the Dungeon
 27501 | D:8      | Found a runed translucent door.
 27575 | D:8      | Identified the ring of Pynnaong {Ice MR+ Str+3 Int-5 +Vis
                  | Stlth+}
 27671 | D:8      | Identified the cursed amulet "Folaqo" {Chaos rC+ rN+ Dex-2,
                  | (Curse: rF-)}
 28589 | D:8      | Found a hazy altar of Hepliaklqana.
 28649 | D:8      | Reached skill level 1 in Evocations
 28761 | D:8      | Shot with a bolt by a yaktaur

Illustrated notes

Levels and vault maps discovered:
D:1:      minmay_arrival_diagonal_passages, layout_basic, minmay_tetromino_s2
D:2:      layout_sewer, disused_pipe, serial_shops, kennysheep_little_box,
          uniq_blork_the_orc
D:3:      layout_rooms, nicolae_overflow_crystal_walls, serial_shops,
          shop_fountains, first_ration, minmay_a_box_with_orc_wizards_in_it,
          uniq_eustachio, uniq_grinder
D:4:      layout_loops_corners, fiery_altar_vehumet,
          minmay_temple_entry_offerings, grunt_ogre_cave
D:5:      kennysheep_windowed_halls, layout_twisted_cavern, erik_lair_dragon,
          kennysheep_windowed_goal, uniq_prince_ribbit1
D:6:      layout_rooms, grunt_temple_overflow_forces_of_nature, minitemple,
          minmay_orc_entry_temple_small, nicolae_dithmenos_shadow_blocks,
          uniq_jorgrun, uniq_maalik
D:7:      layout_cross, lemuel_zombie_altar_kikubaaqudgha, david_vaults_4,
          serial_bayou, serial_bayou_pond_b, serial_bayou_lagoon_b,
          serial_bayou_ford_a, serial_bayou_shore_b,
          portal_ice_cave_entry_pillars_1, chequers_serial_rivers_micro_c,
          enter_bailey_2, uniq_louise
D:8:      hangedman_depths_entry_civil_slaughter, layout_cave_pods,
          marbit_many_paths, gauntlet_entry_generic, nicolae_two_hexagons,
          lightli_airlock
Temple:   hc_temple_tempest_star
Lair:1:   layout_cave_pods, basic_altar, chequers_ossuary_entry_cave, uniq_grum
Lair:2:   layout_roguey, minmay_swamp_entry_swarm, dummy_spider_entry
Lair:3:   layout_hall_layers, minivault_24, chequers_serial_rivers_micro_e
Lair:4:   layout_gridlike, ossuary_minmay_tomb_2a, infiniplex_staircase_pool_2,
          uniq_nessos
Lair:5:   layout_cellular_growth, minmay_slime_entry_oklob_open,
          lemuel_fruit_fields, uniq_circe
Lair:6:   grunt_lair_end_beastmaster, layout_misc_corridors, enter_volcano_4,
          grunt_megastairs_3
Orc:1:    layout_caves, basic_altar, uniq_snorg
Orc:2:    grunt_orc_tribal_feast, layout_caves, serial_shops,
          nicolae_shop_overgrown_old_shop, basic_altar, bloody_trog

Skill      XL: |  1  2  3  4  5  6  7  8  9 10 11 12 13 14 15 16 |
---------------+-------------------------------------------------+-----
Hexes          | 4 5 6 8 9 10 11 12 13 14 15 | 15.4
Short Blades   | 2 3 4 5 6 8 9 10 11 12 13 14 | 14.1
Spellcasting   | 3 4 5 6 7 8 9 10 11 | 11.4
Stealth        | 5 6 7 9 10 11 12 14 15 16 | 16.3
Fighting       | 1 2 3 4 5 6 7 8 |  8.0
Dodging        | 4 5 6 7 9 10 11 12 | 12.7
Charms         | 5 6 8 |  8.5
Poison Magic   | 2 3 |  3.2
Air Magic      | 2 3 |  3.0
Invocations    | 5 9 |  9.9
Necromancy     | 4 |  4.1
Armour         | 1 3 |  3.0
Evocations     | 1 |  1.5

Action                   |  1- 3 |  4- 6 |  7- 9 | 10-12 | 13-15 | 16-18 || total
-------------------------+-------+-------+-------+-------+-------+-------++-------
Melee: Dagger            |   104 |   383 |   987 |   261 |       |       ||  1735
       Unarmed           |    20 |       |       |       |       |       ||    20
       Sai               |       |       |       |   411 |   663 |    73 ||  1147
       Rapier            |       |       |       |   312 |    31 |       ||   343
       Cleaver           |       |       |       |       |   916 |   109 ||  1025
Throw: Skull             |     1 |     8 |     1 |       |     1 |       ||    11
       Rusty metal       |       |     8 |       |       |       |       ||     8
       Stone             |       |     8 |       |       |       |       ||     8
       Bone              |       |     4 |       |       |       |       ||     4
 Cast: Confuse           |    14 |    53 |   108 |   232 |   439 |    87 ||   933
       Magic Candle      |     1 |       |       |       |       |       ||     1
       Tukima's Dance    |       |       |     8 |     7 |    11 |       ||    26
       Regeneration      |       |       |       |    13 |    72 |    12 ||    97
       Spectral Weapon   |       |       |       |     1 |    19 |     2 ||    22
       Mephitic Cloud    |       |       |       |     1 |    30 |       ||    31
       Fulminant Prism   |       |       |       |       |    52 |     2 ||    54
Invok: Shadow Step       |       |       |       |     2 |     4 |       ||     6
       Shadow Form       |       |       |       |       |     2 |       ||     2
Evoke: Lightning rod     |       |       |       |     2 |     2 |       ||     4
       Wand              |       |       |       |       |    12 |       ||    12
  Use: Potion            |       |     1 |       |     1 |     2 |     3 ||     7
       Scroll            |       |       |       |     1 |     9 |       ||    10
 Stab: Confused          |     7 |    32 |    80 |   186 |   296 |    40 ||   641
       Sleeping          |     3 |     7 |    24 |    56 |    68 |     8 ||   166
       Distracted        |       |       |       |     2 |    11 |     1 ||    14
       Petrified         |       |       |       |       |     1 |     1 ||     2
       Invisible         |       |       |       |       |    23 |       ||    23
  Eat: Ration            |       |     4 |     8 |     5 |    11 |     1 ||    29
Armor: Robe              |    14 |    25 |   131 |    24 |       |       ||   194
       Troll leather     |       |       |       |    62 |   147 |    20 ||   229
       Salamander hide   |       |       |       |       |     8 |       ||     8
Dodge: Dodged            |    36 |   127 |   283 |   363 |   826 |    72 ||  1707
Block: Sai               |       |       |       |     8 |    47 |     5 ||    60
